 Dungeon Crawl Stone Soup version 0.25-a0-443-gece2dee8bd (webtiles) character file.

Game seed: 16121494136080102622, levelgen mode: deterministic

32 Archen the Chopper (level 3, 0/33 HPs)
             Began as a Minotaur Berserker on Jan 30, 2020.
             Was a Believer of Trog.
             Slain by a wight
             ... wielding a cursed +0 halberd
              (8 damage)
             ... on level 3 of the Dungeon.
             The game lasted 00:02:04 (1484 turns).

Archen the Chopper (Minotaur Berserker)             Turns: 1484, Time: 00:02:04

Health: 0/33       AC: 11    Str: 22    XL:     3   Next: 10%
Magic:  2/2        EV:  7    Int:  4    God:    Trog [**....]
Gold:   111        SH:  0    Dex:  9    Spells: 2/2 levels left

rFire    . . .     SeeInvis .   a - +0 hand axe
rCold    . . .     Gourm    .   (no shield)
rNeg     . . .     Faith    .   e - +0 plate armour
rPois    .         Spirit   .   (helmet restricted)
rElec    .         Reflect  .   (no cloak)
rCorr    .         Harm     .   (no gloves)
MR       .....                  (no boots)
Stlth    ..........             (no amulet)
HPRegen  0.11/turn              (no ring)
MPRegen  0.08/turn              (no ring)

@: no status effects
A: retaliatory headbutt, horns 2
a: Berserk, Trog's Hand, Renounce Religion


You were on level 3 of the Dungeon.
You worshipped Trog.
Trog was pleased with you.
You were not hungry.

You visited 1 branch of the dungeon, and saw 3 of its levels.

You collected 111 gold pieces.

Inventory:

Hand Weapons
 a - a +0 hand axe (weapon)
Armour
 b - a +0 animal skin
 e - a +0 plate armour (worn)
Scrolls
 d - a scroll of immolation {unknown}
 g - 5 scrolls of remove curse {unknown}
 h - a scroll of random uselessness {unknown}
 k - a scroll of magic mapping {unknown}
 l - a scroll of fog {unknown}
 m - 2 scrolls of teleportation {unknown}
Potions
 f - a potion of flight {unknown}
 i - a potion of heal wounds {unknown}
 j - a potion of curing {unknown}
 o - a potion of lignification {unknown}
 p - a potion of ambrosia {unknown}
 q - a potion of mutation {unknown}
Comestibles
 c - 3 rations


   Skills:
 + Level 4.0 Fighting
 * Level 4.3 Axes
 + Level 2.8 Armour
 + Level 2.6 Dodging


You had 2 spell levels left.
You didn't know any spells.
Your spell library was empty.

Dungeon Overview and Level Annotations

Branches:
Dungeon (3/15)

Altars:


Innate Abilities, Weirdness & Mutations

You reflexively headbutt those who attack you in melee.
You have a pair of horns on your head.


Message History

You are too injured to fight recklessly!
You are too injured to fight recklessly!
You are too injured to fight recklessly!
You are too injured to fight recklessly!
You are too injured to fight recklessly!
You are too injured to fight recklessly!
You are too injured to fight recklessly!
You are too injured to fight recklessly!
Your plate armour prevents you from hitting the wight.
You hit the wight.
The wight is lightly damaged.
The wight hits you but does no damage.
You closely miss the wight.
The wight is lightly damaged.
The wight hits you with a cursed +0 halberd.
* * * LOW HITPOINT WARNING * * *
You closely miss the wight.
The wight is lightly damaged.
The wight hits you with a cursed +0 halberd!
You die...

#######
#<....#
#####.#
#.######
#.#?...#
#.)$...#
#@†.####
#z#......
..#.#####
####.# #


You could see a wight.

Vanquished Creatures
  2 giant cockroaches
  8 goblins
  3 hobgoblins
  A jackal (D:1)
  4 kobolds
  A ball python (D:2)
  5 bats
  2 frilled lizards
  5 rats
31 creatures vanquished.

Vanquished Creatures (others)
  An orc (D:3)
1 creature vanquished.

Grand Total: 32 creatures vanquished

Notes
Turn   | Place    | Note
-------+----------+-------------------------------------------
     0 | D:1      | Archen the Minotaur Berserker began the quest for the Orb.
     0 | D:1      | Reached XP level 1. HP: 19/19 MP: 0/0
   309 | D:1      | You fall into a shaft and drop 1 floor!
   313 | D:2      | Reached XP level 2. HP: 27/27 MP: 1/1
  1239 | D:2      | Reached ** piety under Trog
  1239 | D:2      | Reached XP level 3. HP: 33/33 MP: 2/2
  1484 | D:3      | Slain by a wight

Levels and vault maps discovered:
D:1:      scummos_arrival_simple_crosswalls, layout_basic, minmay_heptomino_w4
D:2:      layout_basic
D:3:      layout_basic, nicolae_overflow_hidden_temple, fiery_altar_vehumet,
          uniq_robin, uniq_natasha, uniq_grinder

Skill      XL: |  1  2 |
---------------+-------+-----
Axes           | 4 |  4.3
Fighting       | 4 |  4.0
Armour         | |  2.8
Dodging        | |  2.6

Action                   || total
-------------------------++-------
Melee: Hand axe          ||    75
       Headbutt          ||     8
  Eat: Chunk             ||     2
Armor: Animal skin       ||     1
       Plate armour      ||    43
Dodge: Dodged            ||    35

Table legend:
 A = Non-vault XP
 B = Vault XP
 C = Vault XP percentage of total XP
 D = Non-vault monster count
 E = Vault monster count
 F = Vault count percentage of total count
                 A         B        C        D         E       F
            +---------+---------+-------+---------+---------+-------
      Total |      38 |       9 |  19.1 |      25 |       6 |  19.4
            +---------+---------+-------+---------+---------+-------
        D:1 |      15 |       9 |  37.5 |       9 |       6 |  40.0
        D:2 |      21 |       0 |   0.0 |      14 |       0 |   0.0
        D:3 |       2 |       0 |   0.0 |       2 |       0 |   0.0
            +---------+---------+-------+---------+---------+-------
